Description

Fast armory and constant widow mine harass into a ghost-viking timing.

VOD

https://youtu.be/15BDhf7efAs?t=574

Replay - Rail v Sarrel - Pillars of Gold LE

Build Order

Get SALT Encoding   

  12  0:01  SCV  
  13  0:13  SCV  
  14  0:18  Supply Depot  
  14  0:26  SCV  
  15  0:37  Refinery  
  15  0:39  SCV  
  16  0:45  Barracks  
  16  0:51  SCV  
  17  1:03  SCV  
  18  1:16  SCV  
  19  1:32  Reaper, Orbital Command  
  20  1:45  Command Center  
  20  1:58  SCV  
  21  2:01  Factory  
  21  2:10  SCV  
  21  2:13  Barracks Reactor  
  21  2:14  Supply Depot  
  22  2:22  SCV  
  22  2:24  Refinery  
  24  2:50  Starport  
  25  2:54  Hellion x2  
  25  2:58  Orbital Command  
  31  3:15  Widow Mine x2  
  35  3:27  Medivac, Supply Depot  
  39  3:36  Widow Mine x2  
  43  3:47  Armory  
  41  3:58  Widow Mine x2  
  46  4:03  Supply Depot  
  47  4:15  Command Center  
  48  4:19  Medivac  
  53  4:24  Widow Mine x2  
  56  4:32  Barracks Tech Lab, Supply Depot  
  58  4:47  Widow Mine x2  
  59  4:56  Marine, Stimpack  
  62  5:00  Refinery  
  59  5:12  Medivac  
  59  5:13  Barracks x2, Marine  
  66  5:27  Orbital Command  
  67  5:31  Marine  
  70  5:48  Engineering Bay x2  
  67  5:51  Refinery  
  67  5:52  Medivac  
  68  5:57  Marauder, Orbital Command  
  68  6:02  Barracks Tech Lab  
  73  6:10  Barracks x2  
  72  6:13  Marine x2  
  72  6:16  Terran Infantry Weapons Level 1, Terran Infantry Armor Level 1  
  76  6:21  Marine  
  76  6:22  Marauder  
  81  6:28  Missile Turret  
  78  6:40  Marine x2, Starport Reactor  
  78  6:41  Marauder x2  
  78  6:45  Combat Shield  
  85  6:58  Barracks Tech Lab x2  
  85  7:00  Factory Reactor  
  82  7:02  Marauder x2  
  82  7:03  Marine, Refinery x2  
  82  7:05  Concussive Shells  
  82  7:07  Missile Turret x2  
  90  7:16  Medivac x2  
  90  7:17  Marauder  
  90  7:22  Marine  
  98  7:24  Marauder  
  102  7:34  Marauder  
  102  7:36  Starport  
  106  7:39  Marauder  
  110  7:52  Medivac x2  
  116  8:03  Missile Turret  
  121  8:11  Terran Infantry Weapons Level 2, Terran Infantry Armor Level 2  
  125  8:20  Bunker  
  125  8:23  Viking x3  
  125  8:25  Bunker  
  138  8:37  Viking  
  142  8:42  Terran Ship Weapons Level 1  
  142  8:47  Ghost Academy  
  141  8:53  Missile Turret  
  144  8:57  Viking x2  
  77  9:02  Viking  
  155  9:12  Viking  
  161  9:20  Ghost x2  
  160  9:31  Viking x2  
  172  9:48  Command Center  
Spawning Tool Build Advisor. Get it on Overwolf

Go to:

Details

  • Created by: Paridoxical
  • Published on: Nov 13, 2020
  • Modified on: Nov 13, 2020
  • Patch: 4.11.0
  • Difficulty: Hard
Show
View Real Time Build Order
Export as new Build Order

Comments (0)

There are no comments. Be the first!

Create an account to comment!